 Dungeon Crawl Stone Soup version 0.23.2 (webtiles) character file.

Game seed: 3357784731000629353

65 Borgoz the Sneak (level 4, 0/35 HPs)
             Began as a Ghoul Enchanter on Apr 4, 2019.
             Slain by an orc
             ... wielding a +1 dagger of distortion
              (22 damage)
             ... on level 3 of the Dungeon.
             The game lasted 00:03:04 (1379 turns).

Borgoz the Sneak (Ghoul Enchanter)                  Turns: 1379, Time: 00:03:05

Health: 0/35       AC:  5    Str: 11    XL:     4   Next: 14%
Magic:  0/5        EV: 11    Int: 10    God:
Gold:   28         SH:  0    Dex: 10    Spells: 3/6 levels left

rFire    . . .     SeeInvis .   k - +0 short sword
rCold    + . .     Gourm    .   (no shield)
rNeg     + + +     Faith    .   j - +0 ring mail
rPois    ∞         Spirit   .   (no helmet)
rElec    .         Reflect  .   (no cloak)
rCorr    .         Harm     .   (no gloves)
MR       .....                  (no boots)
Stlth    +.........             (no amulet)
HPRegen  0.00/turn              (no ring)
MPRegen  0.09/turn              (no ring)

@: very slightly contaminated, rotting
A: rotting body, claws 1, carnivore, cold resistance 1, negative energy
resistance 3, inhibited regeneration, torment resistance, unbreathing
a: no special abilities


You were on level 3 of the Dungeon.
You were not hungry.

You visited 1 branch of the dungeon, and saw 3 of its levels.

You collected 28 gold pieces.

Inventory:

Hand Weapons
 k - a +0 short sword (weapon)
Armour
 j - a +0 ring mail (worn)
Scrolls
 b - a scroll of blinking {unknown}
 g - 4 scrolls of amnesia
 h - a scroll of remove curse
 i - a scroll of identify {unknown}
Potions
 e - a potion of invisibility {unknown}
 f - a potion of lignification {unknown}
 l - a potion of curing {unknown}
Comestibles
 c - 5 chunks of flesh
 d - 2 rations


   Skills:
 + Level 1.3 Fighting
 * Level 2.0 Short Blades
 + Level 1.0 Armour
 * Level 2.6 Dodging
 - Level 3.2 Stealth
 - Level 1.7 Spellcasting
 - Level 2.4 Hexes


You had 3 spell levels left.
You knew the following spells:

 Your Spells              Type           Power        Failure   Level  Hunger
a - Corona                Hex            #......      28%         1    ##.....
b - Ensorcelled Hibernat  Hex/Ice        #.....       56%         2    ###....

Your spell library contained the following spells:

 Spells                   Type           Power        Failure   Level  Hunger
 Confuse                  Hex            #.......     63%         3    ####...
 Tukima's Dance           Hex            #.......     63%         3    ####...
 Dazzling Spray           Conj/Hex       #.....       80%         3    ####...


Dungeon Overview and Level Annotations

Branches:
Dungeon (3/15)

Altars:


Innate Abilities, Weirdness & Mutations

Your body is rotting away.
You thrive on raw meat.
You are immune to poison.
You have sharp fingernails.
You are carnivorous and can eat meat at any time.
Your flesh is cold resistant. (rC+)
You are immune to negative energy. (rN+++)
You do not regenerate when monsters are visible.
You are immune to unholy pain and torment.
You can survive without breathing.


Message History

You miss the adder.
The adder is severely wounded.
The adder bites you. The adder barely misses you.
You closely miss the adder.
The adder is severely wounded.
The adder bites you but does no damage.
You miss the adder.
The adder is severely wounded.
The adder misses you.
You hit the adder.
The adder is almost dead.
The adder bites you but does no damage. The adder closely misses you.
You hit the adder.
You kill the adder!
You have reached level 4!
Eat one of 6 chunks of flesh? (ye/n/q)
You eat one of the 6 chunks of flesh.
This raw flesh tastes great!
The orc hits you but does no damage. Space warps horribly around you!!
Ouch! That really hurt!
You die...

#..###.#...##
######......#
....>.....#..#
.#...........#
.........lg#.#
.#########.#.##
#........#
#.###l####
#..@og# #######


You could see an orc, a goblin and a frilled lizard.

Vanquished Creatures
  2 adders (D:3)
  2 dart slugs (D:1)
  2 leopard geckos
  7 bats
  8 goblins
  5 hobgoblins
  3 jackals (D:1)
  5 kobolds
  A frilled lizard (D:1)
  3 rats
38 creatures vanquished.

Notes
Turn   | Place    | Note
-------+----------+-------------------------------------------
     0 | D:1      | Borgoz the Ghoul Enchanter began the quest for the Orb.
     0 | D:1      | Reached XP level 1. HP: 14/14 MP: 2/2
    21 | D:1      | Reached skill level 1 in Short Blades
   314 | D:1      | Reached XP level 2. HP: 19/22 MP: 3/3
   702 | D:1      | Reached XP level 3. HP: 18/27 MP: 4/4
   803 | D:1      | Reached skill level 1 in Fighting
   910 | D:1      | Learned a level 2 spell: Ensorcelled Hibernation
  1367 | D:3      | Reached skill level 1 in Armour
  1378 | D:3      | Reached XP level 4. HP: 19/35 MP: 0/5
  1379 | D:3      | Slain by an orc

Skill      XL: |  1  2  3 |
---------------+----------+-----
Short Blades   | 1 2 |  2.0
Dodging        | 2 |  2.6
Fighting       | 1 |  1.3
Armour         | 1 |  1.0
Stealth        | |  3.2
Spellcasting   | |  1.7
Hexes          | |  2.4

Action                   |  1- 3 |  4- 6 || total
-------------------------+-------+-------++-------
Melee: Dagger            |   136 |       ||   136
       Short sword       |    50 |       ||    50
 Cast: Corona            |     1 |       ||     1
       Ensorcelled Hiber |     1 |       ||     1
  Use: Scroll            |     2 |       ||     2
       Potion            |     1 |       ||     1
 Stab: Sleeping          |     1 |       ||     1
  Eat: Chunk             |    14 |     1 ||    15
Armor: Robe              |    31 |       ||    31
       Ring mail         |    32 |     1 ||    33
Dodge: Dodged            |   126 |       ||   126
